 Dungeon Crawl Stone Soup version 0.29-a0-1043-g569b05d6ff (webtiles) character file.

Game seed: 3603745979939305690

30 greasedhog the Trooper (level 3, 0/24 HPs)
             Began as a Gargoyle Chaos Knight on Aug 15, 2022.
             Was a Plaything of Xom.
             Constricted to death by a ball python (1 damage)
             ... on level 1 of the Dungeon.
             The game lasted 00:01:02 (181 turns).

greasedhog the Trooper (Gargoyle Chaos Knight)       Turns: 181, Time: 00:01:02

Health: 0/24       AC:  8    Str: 17    XL:     3   Next: 18%
Magic:  3/3        EV:  8    Int: 12    God:    Xom [..*...]
Gold:   9          SH:  0    Dex:  9    Spells: 2/2 levels left

rFire   . . .      SeeInvis .   a - +0 mace (chaos)
rCold   . . .      Faith    .   (no shield)
rNeg    + . .      Spirit   .   b - +2 leather armour
rPois   ∞          Reflect  .   (no helmet)
rElec   +          Harm     .   (no cloak)
rCorr   .          Rampage  .   (no gloves)
Will    .....                   (no boots)
Stlth   +.........              (no amulet)
HPRegen 0.08/turn               (no ring)
MPRegen 0.08/turn               (no ring)

@: brilliant, attractive, constricted
A: sickness immunity, AC +3, negative energy resistance 1, electricity
resistance, torment resistance 1, petrification resistance
a: Renounce Religion


You were on level 1 of the Dungeon.
You worshipped Xom.
You were a toy of Xom.
You visited 1 branch of the dungeon, and saw 2 of its levels.

You collected 9 gold pieces.

Inventory:

Hand Weapons
 a - a +0 mace of chaos (weapon)
Armour
 b - a +2 leather armour (worn)
Jewellery
 d - a ring of flight
 f - an amulet of reflection
Scrolls
 h - a scroll of identify
Potions
 i - a potion of brilliance
Miscellaneous
 c - a piece from Xom's chessboard (15/15) (quivered)


   Skills:
 * Level 4.0 Fighting
 * Level 3.6 Maces & Flails
 - Level 2.1 Armour
 - Level 0.7 Dodging


You had 2 spell levels left.
You didn't know any spells.
Your spell library was empty.

Dungeon Overview and Level Annotations

Branches:
Dungeon (2/15)

Altars:


Innate Abilities, Weirdness & Mutations

You are immune to sickness and miasma.
Your stone body is resilient. (AC +3)
You are immune to poison.
You resist negative energy. (rN+)
You are resistant to electric shocks. (rElec)
You are resistant to unholy torment.
You are immune to petrification.


Message History

You don't have any unidentified items.
The rat bites you but does no damage.
The gnoll hits you from afar with a +0 halberd!
* * * LOW HITPOINT WARNING * * *
The gnoll closely misses you. The gnoll attacks as you move away!
The gnoll closely misses you.
Found a stone staircase leading up.
The gnoll attacks as you move away! The gnoll closely misses you.
Found 8 gold pieces.
The rat attacks as you move away! The rat barely misses you.
The gnoll is attracted toward you. The rat attacks as you move away!
The rat bites you but does no damage.
You see here 8 gold pieces.
Found a purple potion.
A hobgoblin comes into view.
The hobgoblin is attracted toward you. The rat attacks as you move away!
The rat bites you but does no damage.
The hobgoblin shouts!
The hobgoblin is attracted toward you.
The hobgoblin hits you but does no damage.
The hobgoblin drinks a potion.
The hobgoblin seems to speed up.
The gnoll is attracted toward you. The hobgoblin attacks as you move away!
The hobgoblin barely misses you. The gnoll is attracted toward you.
The hobgoblin hits you but does no damage.
There is a stone staircase leading up here.
The hobgoblin closely misses you.
The gnoll hits you from afar with a +0 halberd.
* * * LOW HITPOINT WARNING * * *
The rat bites you but does no damage. The gnoll closely misses you.
The frilled lizard is attracted toward you.
You climb upwards.
The ball python hisses angrily.
There is a stone staircase leading down here.
You hit the hobgoblin but do no damage.
The hobgoblin resists with some effort.
The hobgoblin hits you but does no damage.
The ball python closely misses you. The ball python grabs you.
The ball python constricts you.
You die...
Xom thinks this is hilarious!

...##...#.
............
##.
)........#
..
........##
..
.........#
###.
###.####.'
#.. .. ###
#r# #. #@#
#..gS....#
.....###..##
# ....### ##
# ... .. .


You could see a hobgoblin (fast), a ball python and a rat.

Vanquished Creatures
  An adder (D:2)
  A gnoll (D:2)
  A worm (D:2)
  An endoplasm (D:2)
  A giant cockroach (D:2)
  A kobold (D:2)
  A quokka (D:2)
  A ball python (D:1)
  A bat (D:2)
  A frilled lizard (D:2)
  A rat (D:2)
11 creatures vanquished.

Notes
Turn   | Place    | Note
-------+----------+-------------------------------------------
     0 | D:1      | greasedhog the Gargoyle Chaos Knight began the quest for
                  | the Orb.
     0 | D:1      | Reached XP level 1. HP: 14/14 MP: 1/1
   106 | D:1      | You fall into a shaft and drop 1 floor!
   110 | D:2      | XOM: noise
   114 | D:2      | XOM: butterfly on damage
   124 | D:2      | Reached XP level 2. HP: 15/19 MP: 2/2
   144 | D:2      | Reached skill level 4 in Fighting
   144 | D:2      | Reached XP level 3. HP: 4/24 MP: 3/3
   167 | D:2      | HP: 1/24 [gnoll/+0 halberd (8)]
   179 | D:2      | HP: 1/24 [gnoll/+0 halberd (1)]
   181 | D:1      | Constricted to death by a ball python

Illustrated notes

Levels and vault maps discovered:
D:1:      ncdulo_wetmaze, layout_rooms, ebering_ecumenical_altar_mist,
          amcnicky_mini_pool_small, minmay_misc_feat_ornament
D:2:      layout_rooms

Skill      XL: |  1  2 |
---------------+-------+-----
Fighting       | 4 |  4.0
Maces & Flails | |  3.6
Armour         | |  2.1
Dodging        | |  0.7

Action                   || total
-------------------------++-------
Melee: Mace              ||    35
  Use: Potion            ||     3
       Scroll            ||     1
Armor: Leather armour    ||    31
Dodge: Dodged            ||    47

Table legend: (Time is in decaauts)
 A = Elapsed time spent in this place.
 B = Non-inter-level travel time spent in this place.
 C = Inter-level travel time spent in this place.
 D = Time resting spent in this place.
 E = Time spent auto-exploring this place.
 F = Levels seen in this place.
 G = Mean time per level.
                   A        B        C        D        E       F      G
               +--------+--------+--------+--------+--------+-----+--------+
         Total |    196 |    196 |      0 |      0 |    102 |   2 |   98.0 |
       Dungeon |    196 |    196 |      0 |      0 |    102 |   2 |   98.0 |
               +--------+--------+--------+--------+--------+-----+--------+

Top non-repeatable levels by time:
     D:1: 115 daAuts
     D:2: 81 daAuts
